Workbook
Name \a: #REF!
Name A_IMPRESIÓN_IM: #N/A
Name AAA: #REF!
Name ACCIONES: #N/A
Name ANEXO: #N/A
Name carte: '[1]CUADRO INV. NO NEG. TESORERIA'!#REF!
Name cartera: '[1]CUADRO INV. NO NEG. TESORERIA'!#REF!
Name COMPROBANTE: #N/A

Sheet HW Operaciones Recíprocas
B1: DEPARTAMENTO | C1: CUNDINAMARCA
B2: MUNICIPIO | C2: BOGOTA
B3: ENTIDAD | C3: LA PREVISORA S.A. COMPANIA DE SEGUROS
B4: CÓDIGO | H4: Incluir Universidad Nacional - Siniestros
B5: FECHA DE CORTE | C5: 31/12/2021
B7: INFORMACION SOBRE SALDOS DE OPERACIONES RECIPROCAS
E8: Valores en pesos colombianos
B10: CODIGO CONTABLE (SUBCUENTA) | C10: NOMBRE DE LA SUBCUENTA | D10: CODIGO ENTIDAD | E10: NOMBRE ENTIDAD | F10: VALOR CORRIENTE A NIVEL NACIONAL | G10: VALOR NO CORRIENTE A NIVEL NACIONAL
B11: 111005 | C11: =VLOOKUP(B11,PUC!$A$3:$B$3395,2,0) -> Cuenta corriente | D11: 69600000 | E11: =VLOOKUP(D11,#REF!,3,0) -> #REF! | F11: 2.5341458e+08 | G11: 0
B12: 122101 | C12: =VLOOKUP(B12,PUC!$A$3:$B$3395,2,0) -> Títulos de tesorería (TES) | D12: 923272395 | E12: =VLOOKUP(D12,#REF!,3,0) -> #REF! | F12: 0 | G12: 4.3953054e+10
B13: 122106 | C13: =VLOOKUP(B13,PUC!$A$3:$B$3395,2,0) -> Bonos y títulos emitidos por el Gobierno General | D13: 923272395 | E13: =VLOOKUP(D13,#REF!,3,0) -> #REF! | F13: 0 | G13: 2.2270928e+10
B14: 122108 | C14: =VLOOKUP(B14,PUC!$A$3:$B$3395,2,0) -> Bonos y títulos emitidos por las entidades financieras | D14: 41200000 | E14: =VLOOKUP(D14,#REF!,3,0) -> #REF! | F14: 5123040000 | G14: 0
B15: 122308 | C15: =VLOOKUP(B15,PUC!$A$3:$B$3395,2,0) -> Bonos y títulos emitidos por las entidades financieras | D15: 41200000 | E15: =VLOOKUP(D15,#REF!,3,0) -> #REF! | F15: 0 | G15: 2002194116
B16: 122108 | C16: =VLOOKUP(B16,PUC!$A$3:$B$3395,2,0) -> Bonos y títulos emitidos por las entidades financieras | D16: 44200000 | E16: =VLOOKUP(D16,#REF!,3,0) -> #REF! | F16: 0 | G16: 5220150000
B17: 122302 | C17: =VLOOKUP(B17,PUC!$A$3:$B$3395,2,0) -> Certificados de depósito a término (CDT) | D17: 44200000 | E17: =VLOOKUP(D17,#REF!,3,0) -> #REF! | F17: 0 | G17: 4011869983
B18: 122301 | C18: =VLOOKUP(B18,PUC!$A$3:$B$3395,2,0) -> Títulos de tesorería (TES) | D18: 923272395 | E18: =VLOOKUP(D18,#REF!,3,0) -> #REF! | F18: 0 | G18: 1.297537e+11
B19: 122306 | C19: =VLOOKUP(B19,PUC!$A$3:$B$3395,2,0) -> Bonos y títulos emitidos por el Gobierno General | D19: 923272395 | E19: =VLOOKUP(D19,#REF!,3,0) -> #REF! | F19: 0 | G19: 1.3933065e+10
B20: 122604 | C20: =VLOOKUP(B20,PUC!$A$3:$B$3395,2,0) -> Sociedades de economía mixta | D20: 44600000 | E20: =VLOOKUP(D20,#REF!,3,0) -> #REF! | F20: 0 | G20: 2.8288715e+11
B21: 122904 | C21: =VLOOKUP(B21,PUC!$A$3:$B$3395,2,0) -> Sociedades de economía mixta | D21: 41100000 | E21: =VLOOKUP(D21,#REF!,3,0) -> #REF! | F21: 0 | G21: 6.0550733e+10
B22: 131706 | C22: =VLOOKUP(B22,PUC!$A$3:$B$3395,2,0) -> Servicios de seguros y reaseguros | D22: 12200000 | E22: =VLOOKUP(D22,#REF!,3,0) -> #REF! | F22: 546573 | G22: 0
B23: 131706 | C23: =VLOOKUP(B23,PUC!$A$3:$B$3395,2,0) -> Servicios de seguros y reaseguros | D23: 12300000 | E23: =VLOOKUP(D23,#REF!,3,0) -> #REF! | F23: 101867959
B24: 131706 | C24: =VLOOKUP(B24,PUC!$A$3:$B$3395,2,0) -> Servicios de seguros y reaseguros | D24: 12400000 | E24: =VLOOKUP(D24,#REF!,3,0) -> #REF! | F24: 58786784
B25: 131706 | C25: =VLOOKUP(B25,PUC!$A$3:$B$3395,2,0) -> Servicios de seguros y reaseguros | D25: 13000000 | E25: =VLOOKUP(D25,#REF!,3,0) -> #REF! | F25: 4580250
B26: 131706 | C26: =VLOOKUP(B26,PUC!$A$3:$B$3395,2,0) -> Servicios de seguros y reaseguros | D26: 13900000 | E26: =VLOOKUP(D26,#REF!,3,0) -> #REF! | F26: 1.8597752e+08
B27: 131706 | C27: =VLOOKUP(B27,PUC!$A$3:$B$3395,2,0) -> Servicios de seguros y reaseguros | D27: 20188000 | E27: =VLOOKUP(D27,#REF!,3,0) -> #REF! | F27: 8103425
B28: 131706 | C28: =VLOOKUP(B28,PUC!$A$3:$B$3395,2,0) -> Servicios de seguros y reaseguros | D28: 20900000 | E28: =VLOOKUP(D28,#REF!,3,0) -> #REF! | F28: 97864116
B29: 131706 | C29: =VLOOKUP(B29,PUC!$A$3:$B$3395,2,0) -> Servicios de seguros y reaseguros | D29: 21368000 | E29: =VLOOKUP(D29,#REF!,3,0) -> #REF! | F29: 2586592.4
B30: 131706 | C30: =VLOOKUP(B30,PUC!$A$3:$B$3395,2,0) -> Servicios de seguros y reaseguros | D30: 21527000 | E30: =VLOOKUP(D30,#REF!,3,0) -> #REF! | F30: 803450
B31: 131706 | C31: =VLOOKUP(B31,PUC!$A$3:$B$3395,2,0) -> Servicios de seguros y reaseguros | D31: 22100000 | E31: =VLOOKUP(D31,#REF!,3,0) -> #REF! | F31: 2552361.5
B32: 131706 | C32: =VLOOKUP(B32,PUC!$A$3:$B$3395,2,0) -> Servicios de seguros y reaseguros | D32: 24800000 | E32: =VLOOKUP(D32,#REF!,3,0) -> #REF! | F32: 7315239
B33: 131706 | C33: =VLOOKUP(B33,PUC!$A$3:$B$3395,2,0) -> Servicios de seguros y reaseguros | D33: 25200000 | E33: =VLOOKUP(D33,#REF!,3,0) -> #REF! | F33: 29839969
B34: 131706 | C34: =VLOOKUP(B34,PUC!$A$3:$B$3395,2,0) -> Servicios de seguros y reaseguros | D34: 25300000 | E34: =VLOOKUP(D34,#REF!,3,0) -> #REF! | F34: 953062.59
... B520: 131706 | C520: =VLOOKUP(B520,PUC!$A$3:$B$3395,2,0) -> Servicios de seguros y reaseguros | D520: 923273318 | E520: =VLOOKUP(D520,#REF!,3,0) -> #REF! | F520: 23083600
B521: 244029 | C521: =VLOOKUP(B521,PUC!$A$3:$B$3395,2,0) -> Impuesto nacional al consumo | D521: 910300000 | E521: =VLOOKUP(D521,#REF!,3,0) -> #REF! | F521: 8164348 | G521: 0
B522: 480817 | C522: =VLOOKUP(B522,PUC!$A$3:$B$3395,2,0) -> Arrendamientos operativos | D522: 41100000 | E522: =VLOOKUP(D522,#REF!,3,0) -> #REF! | F522: 0 | G522: 287430696
B523: 510401 | C523: =VLOOKUP(B523,PUC!$A$3:$B$3395,2,0) -> Aportes al ICBF | D523: 23900000 | E523: =VLOOKUP(D523,#REF!,3,0) -> #REF! | F523: 0 | G523: 529360100
B524: 510402 | C524: =VLOOKUP(B524,PUC!$A$3:$B$3395,2,0) -> Aportes al SENA | D524: 26800000 | E524: =VLOOKUP(D524,#REF!,3,0) -> #REF! | F524: 0 | G524: 352915200
B525: 521115 | C525: =VLOOKUP(B525,PUC!$A$3:$B$3395,2,0) -> Servicios públicos | D525: 37352000 | E525: =VLOOKUP(D525,#REF!,3,0) -> #REF! | F525: 0 | G525: 29321230
B526: 521115 | C526: =VLOOKUP(B526,PUC!$A$3:$B$3395,2,0) -> Servicios públicos | D526: 38900000 | E526: =VLOOKUP(D526,#REF!,3,0) -> #REF! | F526: 0 | G526: 8237470
B527: 521115 | C527: =VLOOKUP(B527,PUC!$A$3:$B$3395,2,0) -> Servicios públicos | D527: 39363000 | E527: =VLOOKUP(D527,#REF!,3,0) -> #REF! | F527: 0 | G527: 6404585
B528: 521115 | C528: =VLOOKUP(B528,PUC!$A$3:$B$3395,2,0) -> Servicios públicos | D528: 234111001 | E528: =VLOOKUP(D528,#REF!,3,0) -> #REF! | F528: 0 | G528: 154019980
B529: 511117 | C529: =VLOOKUP(B529,PUC!$A$3:$B$3395,2,0) -> Servicios públicos | D529: 923269813 | E529: =VLOOKUP(D529,#REF!,3,0) -> #REF! | F529: 0 | G529: 1387937804
B530: 512001 | C530: =VLOOKUP(B530,PUC!$A$3:$B$3395,2,0) -> Impuesto predial unificado | D530: 210105001 | E530: =VLOOKUP(D530,#REF!,3,0) -> #REF! | F530: 0 | G530: 6640452
B531: 512001 | C531: =VLOOKUP(B531,PUC!$A$3:$B$3395,2,0) -> Impuesto predial unificado | D531: 210111001 | E531: =VLOOKUP(D531,#REF!,3,0) -> #REF! | F531: 0 | G531: 348159678
B532: 512001 | C532: =VLOOKUP(B532,PUC!$A$3:$B$3395,2,0) -> Impuesto predial unificado | D532: 210115001 | E532: =VLOOKUP(D532,#REF!,3,0) -> #REF! | F532: 0 | G532: 5397000
... B803: 244004 | C803: =VLOOKUP(B803,PUC!$A$3:$B$3395,2,0) -> Impuesto de industria y comercio | D803: 210118001 | E803: =VLOOKUP(D803,#REF!,3,0) -> #REF! | F803: 48209743 | G803: 0
B804: 435501 | C804: Primas emitidas | D804: 828200000 | E804: =VLOOKUP(D804,#REF!,3,0) -> #REF! | F804: 0 | G804: 18748780
B805: 435501 | C805: Primas emitidas | D805: 220117777 | E805: =VLOOKUP(D805,#REF!,3,0) -> #REF! | F805: 0 | G805: 6348184
B806: 435501 | C806: Primas emitidas | D806: 220270124 | E806: =VLOOKUP(D806,#REF!,3,0) -> #REF! | F806: 0 | G806: 4664976
B807: 435501 | C807: Primas emitidas | D807: 220385010 | E807: =VLOOKUP(D807,#REF!,3,0) -> #REF! | F807: 0 | G807: 122809397
B808: 435501 | C808: Primas emitidas | D808: 210625506 | E808: =VLOOKUP(D808,#REF!,3,0) -> #REF! | F808: 0 | G808: 14257362
B809: 435501 | C809: Primas emitidas | D809: 13400000 | E809: =VLOOKUP(D809,#REF!,3,0) -> #REF! | F809: 0 | G809: 2036702064
B810: 435501 | C810: Primas emitidas | D810: 220176834 | E810: =VLOOKUP(D810,#REF!,3,0) -> #REF! | F810: 0 | G810: 983600
B811: 435501 | C811: Primas emitidas | D811: 127705000 | E811: =VLOOKUP(D811,#REF!,3,0) -> #REF! | F811: 0 | G811: 5155890
B812: 435501 | C812: Primas emitidas | D812: 923269827 | E812: =VLOOKUP(D812,#REF!,3,0) -> #REF! | F812: 0 | G812: 22908701
B813: 435501 | C813: Primas emitidas | D813: 218852788 | E813: =VLOOKUP(D813,#REF!,3,0) -> #REF! | F813: 0 | G813: 3000000
B814: 435501 | C814: Primas emitidas | D814: 923272104 | E814: =VLOOKUP(D814,#REF!,3,0) -> #REF! | F814: 0 | G814: 6170117
B815: 435501 | C815: Primas emitidas | D815: 217315673 | E815: =VLOOKUP(D815,#REF!,3,0) -> #REF! | F815: 0 | G815: 4977046
... B1551: 435501 | C1551: Primas emitidas | D1551: 923271008 | E1551: =VLOOKUP(D1551,#REF!,3,0) -> #REF! | F1551: 0 | G1551: 1239449
B1552: 435501 | C1552: Primas emitidas | D1552: 923272910 | E1552: =VLOOKUP(D1552,#REF!,3,0) -> #REF! | F1552: 0 | G1552: 2370000 | H1552: Error en la asignación del campo ENT_RECIP ->Valor especificado:(923272910)
B1553: 435501 | C1553: Primas emitidas | D1553: 923269825 | E1553: =VLOOKUP(D1553,#REF!,3,0) -> #REF! | F1553: 0 | G1553: 37952861
B1554: 435501 | C1554: Primas emitidas | D1554: 923270913 | E1554: =VLOOKUP(D1554,#REF!,3,0) -> #REF! | F1554: 0 | G1554: 14062679
B1555: 435501 | C1555: Primas emitidas | D1555: 923270897 | E1555: =VLOOKUP(D1555,#REF!,3,0) -> #REF! | F1555: 0 | G1555: 15836123
B1556: 435501 | C1556: Primas emitidas | D1556: 923271197 | E1556: =VLOOKUP(D1556,#REF!,3,0) -> #REF! | F1556: 0 | G1556: 3013073
B1557: 435501 | C1557: Primas emitidas | D1557: 923270895 | E1557: =VLOOKUP(D1557,#REF!,3,0) -> #REF! | F1557: 0 | G1557: 15658005
B1558: 435501 | C1558: Primas emitidas | D1558: 923270348 | E1558: =VLOOKUP(D1558,#REF!,3,0) -> #REF! | F1558: 0 | G1558: 19363445
B1559: 435501 | C1559: Primas emitidas | D1559: 923270342 | E1559: =VLOOKUP(D1559,#REF!,3,0) -> #REF! | F1559: 0 | G1559: 497204044
B1560: 435501 | C1560: Primas emitidas | D1560: 923270863 | E1560: =VLOOKUP(D1560,#REF!,3,0) -> #REF! | F1560: 0 | G1560: 317474492
B1561: 435501 | C1561: Primas emitidas | D1561: 923270952 | E1561: =VLOOKUP(D1561,#REF!,3,0) -> #REF! | F1561: 0 | G1561: 13277722
B1562: 435501 | C1562: Primas emitidas | D1562: 923271161 | E1562: =VLOOKUP(D1562,#REF!,3,0) -> #REF! | F1562: 0 | G1562: 18837313
B1563: 435501 | C1563: Primas emitidas | D1563: 923270978 | E1563: =VLOOKUP(D1563,#REF!,3,0) -> #REF! | F1563: 0 | G1563: 174588653
B1564: 435501 | C1564: Primas emitidas | D1564: 923271640 | E1564: =VLOOKUP(D1564,#REF!,3,0) -> #REF! | F1564: 0 | G1564: 4362698
... B1573: 435501 | C1573: Primas emitidas | D1573: 923271146 | E1573: =VLOOKUP(D1573,#REF!,3,0) -> #REF! | F1573: 0 | G1573: 871938
B1574: 435501 | C1574: Primas emitidas | D1574: 923272763 | E1574: =VLOOKUP(D1574,#REF!,3,0) -> #REF! | F1574: 0 | G1574: 28829247 | H1574: Error en la asignación del campo ENT_RECIP ->Valor especificado:(923272763)
B1575: 435501 | C1575: Primas emitidas | D1575: 923271349 | E1575: =VLOOKUP(D1575,#REF!,3,0) -> #REF! | F1575: 0 | G1575: 21412404
B1576: 435501 | C1576: Primas emitidas | D1576: 923271280 | E1576: =VLOOKUP(D1576,#REF!,3,0) -> #REF! | F1576: 0 | G1576: 37363265
B1577: 435501 | C1577: Primas emitidas | D1577: 923271634 | E1577: =VLOOKUP(D1577,#REF!,3,0) -> #REF! | F1577: 0 | G1577: 104505868
B1578: 435501 | C1578: Primas emitidas | D1578: 923271632 | E1578: =VLOOKUP(D1578,#REF!,3,0) -> #REF! | F1578: 0 | G1578: 76264385
B1579: 435501 | C1579: Primas emitidas | D1579: 923271475 | E1579: =VLOOKUP(D1579,#REF!,3,0) -> #REF! | F1579: 0 | G1579: 15137442
B1580: 435501 | C1580: Primas emitidas | D1580: 923271490 | E1580: =VLOOKUP(D1580,#REF!,3,0) -> #REF! | F1580: 0 | G1580: 28116731
B1581: 435501 | C1581: Primas emitidas | D1581: 923272175 | E1581: =VLOOKUP(D1581,#REF!,3,0) -> #REF! | F1581: 0 | G1581: 3563758
B1582: 435501 | C1582: Primas emitidas | D1582: 923271657 | E1582: =VLOOKUP(D1582,#REF!,3,0) -> #REF! | F1582: 0 | G1582: 1465759
B1583: 435501 | C1583: Primas emitidas | D1583: 923271654 | E1583: =VLOOKUP(D1583,#REF!,3,0) -> #REF! | F1583: 0 | G1583: 11275236
B1584: 435501 | C1584: Primas emitidas | D1584: 923272127 | E1584: =VLOOKUP(D1584,#REF!,3,0) -> #REF! | F1584: 0 | G1584: 1470588
B1585: 435501 | C1585: Primas emitidas | D1585: 923272071 | E1585: =VLOOKUP(D1585,#REF!,3,0) -> #REF! | F1585: 0 | G1585: 742465753
B1586: 435501 | C1586: Primas emitidas | D1586: 923272143 | E1586: =VLOOKUP(D1586,#REF!,3,0) -> #REF! | F1586: 0 | G1586: 3737540
... B1924: 435501 | C1924: Primas emitidas | D1924: 923272476 | E1924: =VLOOKUP(D1924,#REF!,3,0) -> #REF! | F1924: 0 | G1924: 57812447
B1925: 435501 | C1925: Primas emitidas | D1925: 61600000 | E1925: =VLOOKUP(D1925,#REF!,3,0) -> #REF! | F1925: 0 | G1925: 1127999 | H1925: Error en la asignación del campo ENT_RECIP ->Valor especificado:(61600000)
B1926: 435501 | C1926: Primas emitidas | D1926: 11800000 | E1926: =VLOOKUP(D1926,#REF!,3,0) -> #REF! | F1926: 0 | G1926: 24245655
B1927: 435501 | C1927: Primas emitidas | D1927: 923271668 | E1927: =VLOOKUP(D1927,#REF!,3,0) -> #REF! | F1927: 0 | G1927: 60989256
B1928: 435501 | C1928: Primas emitidas | D1928: 123408000 | E1928: =VLOOKUP(D1928,#REF!,3,0) -> #REF! | F1928: 0 | G1928: 11189387
B1929: 435501 | C1929: Primas emitidas | D1929: 215105051 | E1929: =VLOOKUP(D1929,#REF!,3,0) -> #REF! | F1929: 0 | G1929: 621974
B1930: 435501 | C1930: Primas emitidas | D1930: 111717000 | E1930: =VLOOKUP(D1930,#REF!,3,0) -> #REF! | F1930: 0 | G1930: 658800
B1931: 435501 | C1931: Primas emitidas | D1931: 213568235 | E1931: =VLOOKUP(D1931,#REF!,3,0) -> #REF! | F1931: 0 | G1931: 54296406
B1932: 435501 | C1932: Primas emitidas | D1932: 214768547 | E1932: =VLOOKUP(D1932,#REF!,3,0) -> #REF! | F1932: 0 | G1932: 163133547
B1933: 435501 | C1933: Primas emitidas | D1933: 216268162 | E1933: =VLOOKUP(D1933,#REF!,3,0) -> #REF! | F1933: 0 | G1933: 19316487
B1934: 435501 | C1934: Primas emitidas | D1934: 214468444 | E1934: =VLOOKUP(D1934,#REF!,3,0) -> #REF! | F1934: 0 | G1934: 8568993
B1935: 435501 | C1935: Primas emitidas | D1935: 220168720 | E1935: =VLOOKUP(D1935,#REF!,3,0) -> #REF! | F1935: 0 | G1935: 5633561
B1936: 435501 | C1936: Primas emitidas | D1936: 219868298 | E1936: =VLOOKUP(D1936,#REF!,3,0) -> #REF! | F1936: 0 | G1936: 20402878
B1937: 435501 | C1937: Primas emitidas | D1937: 126976000 | E1937: =VLOOKUP(D1937,#REF!,3,0) -> #REF! | F1937: 0 | G1937: 44247429
...

Sheet OPeraciones Reciprocas
B1: DEPARTAMENTO | C1: CUNDINAMARCA
B2: MUNICIPIO | C2: BOGOTA
B3: ENTIDAD | C3: LA PREVISORA S.A. COMPANIA DE SEGUROS
B4: CÓDIGO
B5: FECHA DE CORTE | C5: 30/06/2026
B7: INFORMACION SOBRE SALDOS DE OPERACIONES RECIPROCAS
E8: Valores en pesos colombianos
B9: CODIGO CONTABLE (SUBCUENTA) | C9: NOMBRE DE LA SUBCUENTA | D9: CODIGO ENTIDAD | E9: NOMBRE ENTIDAD | F9: VALOR CORRIENTE A NIVEL NACIONAL | G9: VALOR NO CORRIENTE A NIVEL NACIONAL
B10: 111005 | C10: Cuenta corriente | D10: 69600000 | E10: Banco Agrario de Colombia | F10: 2.0619996e+08 | G10: 0
B11: 111006 | C11: Cuenta de ahorro | D11: 69600000 | E11: Banco Agrario de Colombia | F11: 1000 | G11: 0
B12: 122101 | C12: Títulos de tesorería (TES) | D12: 923272394 | E12: Dirección General de Crédito Público y Tesoro Nacional (DGCPTN) | F12: 0 | G12: 3.317122e+11
B13: 122102 | C13: Certificados de depósito a término (CDT) | D13: 44200000 | E13: Financiera de Desarrollo Territorial S.A. | F13: 7527180000 | G13: 11046870000
B14: 122106 | C14: Bonos y títulos emitidos por el Gobierno General | D14: 923272394 | E14: Dirección General de Crédito Público y Tesoro Nacional (DGCPTN) | F14: 0 | G14: 1.873181e+10
B15: 122301 | C15: Títulos de tesorería (TES) | D15: 923272394 | E15: Dirección General de Crédito Público y Tesoro Nacional (DGCPTN) | F15: 0 | G15: 2.174357e+11
B16: 122302 | C16: Certificados de depósito a término (CDT) | D16: 44200000 | E16: Financiera de Desarrollo Territorial S.A. | F16: 8093807325 | G16: 16363760084
B17: 122306 | C17: Bonos y títulos emitidos por el Gobierno General | D17: 923272394 | E17: Dirección General de Crédito Público y Tesoro Nacional (DGCPTN) | F17: 0 | G17: 3.5382031e+09
B18: 122308 | C18: Bonos y títulos emitidos por las entidades financieras | D18: 41200000 | E18: Banco de Comercio Exterior de Colombia S.A. | F18: 5116606352 | G18: 0
B19: 122604 | C19: Sociedades de economía mixta | D19: 44600000 | E19: Fiduciaria la Previsora S.A. | F19: 0 | G19: 2.6754458e+11
B20: 122904 | C20: Sociedades de economía mixta | D20: 41100000 | E20: Positiva Compañía de Seguros S.A. | F20: 0 | G20: 9.3789111e+10
B21: 122205 | C21: Sociedades de economía mixta | D21: 41300000 | E21: Fondo Nacional del Ahorro S.A. | F21: 0 | G21: 4.0960186e+10
... B649: 131706 | C649: Servicios de seguros y reaseguros | D649: 120244000 | E649: E.S.E. Hospital San Lucas - El Molino | F649: 21964534 | G649: 0
B650: 131706 | C650: Servicios de seguros y reaseguros | D650: 923273669 | E650: #N/A | F650: 35631655 | G650: 0
B651: 131706 | C651: Servicios de seguros y reaseguros | D651: 923272859 | E651: IPS - Indígena del Pueblo Inga en Aponte | F651: 12052355 | G651: 0
B652: 131706 | C652: Servicios de seguros y reaseguros | D652: 11700000 | E652: Ministerio de Minas y Energía | F652: 15427750 | G652: 0
B653: 131706 | C653: Servicios de seguros y reaseguros | D653: 923272955 | E653: Sistema Estratégico de Transporte Público de Ibagué S.A.S | F653: 43486153 | G653: 0
B654: 131706 | C654: Servicios de seguros y reaseguros | D654: 210650006 | E654: Acacías | F654: 3946706.4 | G654: 0
B655: 131706 | C655: Servicios de seguros y reaseguros | D655: 220168001 | E655: Instituto Municipal de Empleo y Fomento Empresarial Bucaramanga | F655: 4616427 | G655: 0
B656: 131706 | C656: Servicios de seguros y reaseguros | D656: 220168101 | E656: E.S.E Hospital Local del Bolívar - Santander | F656: 17944297 | G656: 0
B657: 131706 | C657: Servicios de seguros y reaseguros | D657: 215786757 | E657: San Miguel - Putumayo | F657: 39184398 | G657: 0
B658: 131706 | C658: Servicios de seguros y reaseguros | D658: 123447000 | E658: Hospital Nuestra Señora Santa Ana | F658: 6824604.1 | G658: 0
B659: 131706 | C659: Servicios de seguros y reaseguros | D659: 212268322 | E659: Guapotá | F659: 13357798 | G659: 0
B660: 131706 | C660: Servicios de seguros y reaseguros | D660: 210719807 | E660: Timbío | F660: 28359925 | G660: 0
B661: 131706 | C661: Servicios de seguros y reaseguros | D661: 217266572 | E661: Pueblo Rico - Risaralda | F661: 66686470 | G661: 0
B662: 131706 | C662: Servicios de seguros y reaseguros | D662: 130466000 | E662: Lotería del Risaralda | F662: 85970973 | G662: 0
... B719: 131706 | C719: Servicios de seguros y reaseguros | D719: 226886568 | E719: Empresa de Acueducto y Alcantarillado Puerto Asís | F719: 25543509 | G719: 0
B720: 131706 | C720: Servicios de seguros y reaseguros | D720: 923273635 | E720: #N/A | F720: 7200000 | G720: 0
B721: 131706 | C721: Servicios de seguros y reaseguros | D721: 216813268 | E721: El Peñón - Bolívar | F721: 13328000 | G721: 0
B722: 131706 | C722: Servicios de seguros y reaseguros | D722: 220168271 | E722: I.P.S. San José de Florián - Santander | F722: 25704506 | G722: 0
B723: 131706 | C723: Servicios de seguros y reaseguros | D723: 124173000 | E723: E.S.E. Hospital Nuestra Señora del Carmen - Carmen de Apicalá | F723: 3725885.4 | G723: 0
B724: 131706 | C724: Servicios de seguros y reaseguros | D724: 217944279 | E724: Fonseca | F724: 17255000 | G724: 0
B725: 190706 | C725: Anticipo de impuesto de industria y comercio | D725: 210123001 | E725: Montería | F725: 57825000 | G725: 0
B726: 190706 | C726: Anticipo de impuesto de industria y comercio | D726: 210127001 | E726: Quibdó | F726: 20364000 | G726: 0
B727: 190706 | C727: Anticipo de impuesto de industria y comercio | D727: 210181001 | E727: Arauca | F727: 8014000 | G727: 0
B728: 190706 | C728: Anticipo de impuesto de industria y comercio | D728: 210150001 | E728: Villavicencio | F728: 7377000 | G728: 0
B729: 244023 | C729: Contribuciones | D729: 923272662 | E729: Agencia Nacional de Seguridad Vial | F729: 5317817430 | G729: 0
B730: 244029 | C730: Impuesto nacional al consumo | D730: 910300000 | E730: Dirección de Impuestos y Aduanas Nacionales | F730: 21121208 | G730: 0
B731: 249056 | C731: Dividendos y participaciones | D731: 26800000 | E731: Servicio Nacional de Aprendizaje | F731: 58544 | G731: 0
B732: 249056 | C732: Dividendos y participaciones | D732: 127225000 | E732: Beneficencia de Cundinamarca | F732: 502950.38 | G732: 0
... B2221: 131706 | C2221: Servicios de seguros y reaseguros | D2221: 44600000 | E2221: Fiduciaria la Previsora S.A. | F2221: 2338945 | G2221: 0

Sheet PUC
A1: CGC RESOLUCIÓN 117 DE 2015 VERSIÓN 2015.01 | D1: CGC RESOLUCIÓN 356 DE 2007 VERSIÓN 2007.13
A2: CÓDIGO | B2: DENOMINACIÓN | D2: CÓDIGO | E2: DENOMINACIÓN
A3: 1 | B3: ACTIVOS | D3: 1 | E3: ACTIVOS
A4: 11 | B4: EFECTIVO Y EQUIVALENTES AL EFECTIVO | D4: 11 | E4: EFECTIVO
A5: 1105 | B5: CAJA | D5: 1105 | E5: CAJA
A6: 110501 | B6: Caja principal | D6: 110501 | E6: Caja principal
A7: 110502 | B7: Caja menor | D7: 110502 | E7: Caja menor
A8: 1107 | B8: RESERVAS INTERNACIONALES | D8: 1107 | E8: RESERVAS INTERNACIONALES
A9: 110701 | B9: Oro monetario | D9: 110701 | E9: Oro monetario
A10: 110702 | B10: Derechos especiales de giro (DEG) | D10: 110702 | E10: Derechos especiales de giro (DEG)
A11: 110703 | B11: Pesos andinos | D11: 110703 | E11: Pesos andinos
A12: 110704 | B12: Convenios internacionales | D12: 110704 | E12: Convenios internacionales
A13: 110705 | B13: Fondo latinoamericano de reservas | D13: 110705 | E13: Fondo latinoamericano de reservas
A14: 110706 | B14: Posición de reserva FMI | D14: 110706 | E14: Posición de reserva FMI
... A32: 111509 | B32: Compromisos de reventa de inversiones de administración de liquidez | D32: 111504 | E32: Compromisos de reventa de inversiones en títulos de deuda
D33: 111505 | E33: Compromisos de reventa de inversiones en títulos participativos
A34: 111510 | B34: Compromisos de reventa de préstamos por cobrar | D34: 111506 | E34: Compromisos de reventa deudores
A35: 1120 | B35: FONDOS EN TRÁNSITO | D35: 1120 | E35: FONDOS EN TRÁNSITO
A36: 112005 | B36: Cuenta corriente | D36: 112005 | E36: Cuenta corriente
A37: 112006 | B37: Cuenta de ahorro | D37: 112006 | E37: Cuenta de ahorro
A38: 112090 | B38: Otros depósitos | D38: 112090 | E38: Otros depósitos
A39: 1132 | B39: EFECTIVO DE USO RESTRINGIDO | D39: 11 | E39: EFECTIVO
A40: 113205 | B40: Caja | D40: 1105 | E40: CAJA
A41: 113210 | B41: Depósitos en instituciones financieras | D41: 1110 | E41: DEPÓSITOS EN INSTITUCIONES FINANCIERAS
A42: 113212 | B42: Fondos especiales para la administración de liquidez | D42: 1110 | E42: DEPÓSITOS EN INSTITUCIONES FINANCIERAS
A43: 113215 | B43: Fondos vendidos con compromiso de reventa | D43: 1115 | E43: FONDOS VENDIDOS CON COMPROMISO DE REVENTA
A44: 113220 | B44: Fondos en tránsito | D44: 1120 | E44: FONDOS EN TRÁNSITO
A45: 1133 | B45: OTROS EQUIVALENTES AL EFECTIVO | D45: 1221 | E45: INVERSIONES DE ADMINISTRACIÓN DE LIQUIDEZ A VALOR DE MERCADO (VALOR RAZONABLE) CON CAMBIOS EN EL RESULTADO
D46: 1112 | E46: ADMINISTRACIÓN DE LIQUIDEZ
A47: 113390 | B47: Otros equivalentes al efectivo | D47: 1221 | E47: INVERSIONES DE ADMINISTRACIÓN DE LIQUIDEZ A VALOR DE MERCADO (VALOR RAZONABLE) CON CAMBIOS EN EL RESULTADO
D48: 1112 | E48: ADMINISTRACIÓN DE LIQUIDEZ
A49: 12 | B49: INVERSIONES E INSTRUMENTOS DERIVADOS | D49: 12 | E49: INVERSIONES E INSTRUMENTOS DERIVADOS
A50: 1212 | B50: INVERSIONES DE LAS RESERVAS INTERNACIONALES | D50: 1212 | E50: INVERSIONES DE LAS RESERVAS INTERNACIONALES
A51: 121201 | B51: Depósitos a término en bancos del exterior | D51: 121201 | E51: Depósitos a término en bancos del exterior
A52: 121202 | B52: Depósitos a término call en bancos del exterior | D52: 121202 | E52: Depósitos a término call en bancos del exterior
A53: 121203 | B53: Certificados de depósitos | D53: 121203 | E53: Certificados de depósitos
A54: 121204 | B54: Papeles a descuento | D54: 121204 | E54: Papeles a descuento
A55: 121205 | B55: Inversiones de portafolio en administración | D55: 121205 | E55: Inversiones de portafolio en administración
A56: 121206 | B56: Bonos | D56: 121206 | E56: Bonos
A57: 121207 | B57: Acuerdos de recompra | D57: 121207 | E57: Acuerdos de recompra
A58: 121208 | B58: Fondo de mercado monetario | D58: 121208 | E58: Fondo de mercado monetario
A59: 121290 | B59: Otras inversiones de las reservas internacionales | D59: 121290 | E59: Otras inversiones de las reservas internacionales
A60: 1220 | B60: DERECHOS DE RECOMPRA DE INVERSIONES | D60: 1220 | E60: DERECHOS DE RECOMPRA DE INVERSIONES
A61: 122015 | B61: Inversiones de administración de liquidez a valor de mercado (valor razonable) con cambios en el resultado | D61: 122013 | E61: Títulos de deuda
D62: 122014 | E62: Títulos participativos
A63: 122016 | B63: Inversiones de administración de liquidez a valor de mercado (valor razonable) con cambios en el patrimonio (otro resultado integral) | D63: 122014 | E63: Títulos participativos
A64: 122017 | B64: Inversiones de administración de liquidez a costo amortizado | D64: 122013 | E64: Títulos de deuda
A65: 122019 | B65: Inversiones en controladas al costo | D65: 122014 | E65: Títulos participativos
A66: 122020 | B66: Inversiones en controladas a valor razonable | D66: 122014 | E66: Títulos participativos
A67: 122022 | B67: Inversiones en asociadas al costo | D67: 122014 | E67: Títulos participativos
A68: 122023 | B68: Inversiones en asociadas a valor razonable | D68: 122014 | E68: Títulos participativos
A69: 122025 | B69: Inversiones en negocios conjuntos al costo | D69: 122014 | E69: Títulos participativos
A70: 122026 | B70: Inversiones en negocios conjuntos a valor razonable | D70: 122014 | E70: Títulos participativos
A71: 1221 | B71: INVERSIONES DE ADMINISTRACIÓN DE LIQUIDEZ A VALOR DE MERCADO (VALOR RAZONABLE) CON CAMBIOS EN EL RESULTADO | D71: 1201 | E71: INVERSIONES ADMINISTRACIÓN DE LIQUIDEZ EN TÍTULOS DE DEUDA
D72: 1202 | E72: INVERSIONES ADMINISTRACIÓN DE LIQUIDEZ EN TÍTULOS PARTICIPATIVOS
A73: 122101 | B73: Títulos de tesorería (TES) | D73: 120101 | E73: Títulos de tesorería - TES
A74: 122102 | B74: Certificados de depósito a término (CDT) | D74: 120106 | E74: Certificados de depósito a término
A75: 122103 | B75: Bonos y títulos emitidos por el sector privado | D75: 120110 | E75: Bonos y Títulos Emitidos por el Sector Privado
A76: 122104 | B76: Bonos y títulos emitidos por entidades del exterior | D76: 120131 | E76: Bonos y Títulos Emitidos por Entidades del Exterior
A77: 122105 | B77: Bonos obligatoriamente convertibles en acciones (BOCAS) | D77: 120140 | E77: Bonos Obligatoriamente Convertibles en Acciones- BOCAS
A78: 122106 | B78: Bonos y títulos emitidos por el Gobierno General | D78: 120141 | E78: Bonos y Títulos Emitidos por el Gobierno General
A79: 122107 | B79: Bonos y títulos emitidos por las empresas no financieras | D79: 120142 | E79: Bonos y Títulos Emitidos por las Empresas no Financieras
A80: 122108 | B80: Bonos y títulos emitidos por las entidades financieras | D80: 120143 | E80: Bonos y Títulos Emitidos por las Entidades Financieras
A81: 122109 | B81: Títulos de capitalización | D81: 120145 | E81: Títulos de Capitalización
A82: 122110 | B82: Aceptaciones | D82: 120146 | E82: Aceptaciones
A83: 122111 | B83: Pagarés | D83: 120147 | E83: Pagarés
A84: 122112 | B84: Títulos de fomento | D84: 120335 | E84: Títulos de Fomento
... A92: 122190 | B92: Otras inversiones de administración de liquidez a valor de mercado (valor razonable) con cambios en el resultado | D92: 120190 | E92: Otras Inversiones en títulos de deuda
D93: 120290 | E93: Otras Inversiones en títulos participativos
A94: 1222 | B94: INVERSIONES DE ADMINISTRACIÓN DE LIQUIDEZ A VALOR DE MERCADO (VALOR RAZONABLE) CON CAMBIOS EN EL PATRIMONIO (OTRO RESULTADO INTEGRAL) | D94: 1207 | E94: INVERSIONES PATRIMONIALES EN ENTIDADES NO CONTROLADAS
A95: 122201 | B95: Entidades del sector solidario | D95: 120750 | E95: Entidades del Sector Solidario
A96: 122202 | B96: Entidades privadas | D96: 120751 | E96: Entidades Privadas
A97: 122203 | B97: Entidades del exterior | D97: 120753 | E97: Entidades del exterior
A98: 122204 | B98: Empresas industriales y comerciales del Estado - Societarias | D98: 120754 | E98: Empresas Industriales y Comerciales del Estado Societarias
A99: 122205 | B99: Sociedades de economía mixta | D99: 120755 | E99: Sociedades de Economía Mixta
A100: 122206 | B100: Sociedades públicas | D100: 120756 | E100: Sociedades Públicas
A101: 122207 | B101: Aportes en organismos internacionales | D101: 120725 | E101: Aportes en Organismos Internacionales
A102: 122290 | B102: Otras inversiones de administración de liquidez a valor de mercado (valor razonable) con cambios en el patrimonio (otro resultado integral) | D102: 120750 | E102: Entidades del Sector Solidario
D103: 120751 | E103: Entidades Privadas
D104: 120753 | E104: Entidades del exterior
D105: 120754 | E105: Empresas Industriales y Comerciales del Estado Societarias
D106: 120755 | E106: Sociedades de Economía Mixta
D107: 120756 | E107: Sociedades Públicas
D108: 120725 | E108: Aportes en Organismos Internacionales
A109: 1223 | B109: INVERSIONES DE ADMINISTRACIÓN DE LIQUIDEZ A COSTO AMORTIZADO | D109: 1203 | E109: INVERSIONES CON FINES DE POLÍTICA EN TÍTULOS DE DEUDA
A110: 122301 | B110: Títulos de tesorería (TES) | D110: 120309 | E110: Títulos de tesorería - TES
A111: 122302 | B111: Certificados de depósito a término (CDT) | D111: 120334 | E111: Certificados de Depósito a Término - CDT
A112: 122303 | B112: Bonos y títulos emitidos por el sector privado | D112: 120303 | E112: Bonos y Títulos Emitidos por el Sector Privado
A113: 122304 | B113: Bonos y títulos emitidos por entidades del exterior | D113: 120326 | E113: Bonos y Títulos Emitidos por Entidades del Exterior
A114: 122305 | B114: Bonos obligatoriamente convertibles en acciones (BOCAS) | D114: 120304 | E114: Bonos Obligatoriamente Convertibles en Acciones-BOCAS
A115: 122306 | B115: Bonos y títulos emitidos por el Gobierno General | D115: 120332 | E115: Bonos y Títulos Emitidos por el Gobierno General
A116: 122307 | B116: Bonos y títulos emitidos por las empresas no financieras | D116: 120333 | E116: Bonos y Títulos Emitidos por las Empresas no Financieras
A117: 122308 | B117: Bonos y títulos emitidos por las entidades financieras | D117: 120336 | E117: Bonos y Títulos Emitidos por las Entidades Financieras
A118: 122309 | B118: Inversiones forzosas y del encaje - Sector financiero | D118: 120305 | E118: Inversiones forzosas y del encaje – Sector financiero
A119: 122310 | B119: Títulos de fomento | D119: 120335 | E119: Títulos de Fomento
A120: 122311 | B120: Otros certificados | D120: 120337 | E120: Otros certificados
... A168: 1235 | B168: INSTRUMENTOS DERIVADOS CON FINES DE COBERTURA DE VALOR DE MERCADO (VALOR RAZONABLE) | D168: 1217 | E168: INSTRUMENTOS DERIVADOS CON FINES DE COBERTURA DE ACTIVOS
D169: 2311 | E169: INSTRUMENTOS DERIVADOS CON FINES DE COBERTURA DE OPERACIONES DE CRÉDITO PÚBLICO
D170: 2312 | E170: INSTRUMENTOS DERIVADOS CON FINES DE COBERTURA DE OPERACIONES DE FINANCIAMIENTO
A171: 123501 | B171: Derechos en contratos forward | D171: 121701 | E171: Derechos en contratos derivados
...
